 Dungeon Crawl Stone Soup version 0.31-a0-965-g8a8ce12e04 (webtiles) character file.

Game seed: 6450715521406134712

47 tsujin the Ruffian (level 3, -1/26 HPs)
             Began as a Demonspawn Shapeshifter on Oct 26, 2023.
             Slain by a cerulean imp
             ... wielding a +0 spear
             ... summoned by Natasha
              (3 damage)
             ... on level 2 of the Dungeon.
             The game lasted 00:02:50 (1584 turns).

tsujin the Ruffian (Demonspawn Shapeshifter)        Turns: 1584, Time: 00:02:51

Health: -1/26      AC:  2    Str: 16    XL:     3   Next: 48%
Magic:  3/3        EV: 12    Int: 11    God:
Gold:   128        SH:  0    Dex: 12    Spells: 2/2 levels left

rFire   . .          .
                       - Unarmed
rCold   . . .        (no shield)
rNeg    . . .        a - +0 animal skin
rPois   .            (helmet currently unavailable)
rElec   .            (cloak currently unavailable)
rCorr   .            (gloves currently unavailable)
SInv    .            (boots currently unavailable)
Will    +....        (no amulet)
Stlth   +            i - ring of willpower
HPRegen 0.24/turn    (no ring)
MPRegen 0.08/turn

%: no passive effects
@: brilliant, beast-form, attractive
A: beast (slay +1), demonic guardian 1
a: Begin Untransformation


You were on level 2 of the Dungeon.
You were a hulking beast.
You visited 1 branch of the dungeon, and saw 2 of its levels.

You collected 128 gold pieces.

Inventory:

Armour
 a - a +0 animal skin (worn)
Magical Staves
 g - a staff of conjuration
Jewellery
 i - a ring of willpower (left hand)
Talismans
 c - a beast talisman
 d - a flux talisman
Wands
 h - a wand of iceblast (4)
Scrolls
 f - a scroll of teleportation {unknown}
Potions
 b - 2 potions of lignification


   Skills:
 - Level 1.0 Fighting
 - Level 1.7 Dodging
 + Level 4.1 Unarmed Combat
 - Level 2.6 Shapeshifting


You had 2 spell levels left.
You didn't know any spells.
Your spell library contained the following spells:

 Spells                   Type           Power      Damage    Failure   Level
 Blink                    Tloc           0%         N/A       47%         2
 Cigotuvi's Dreadful Rot  Necr/Pois/Air  0%         N/A       47%         2
 Lesser Beckoning         Tloc           0%         N/A       47%         2
 Momentum Strike          Conj/Tloc      0%         3d8       47%         2
 Dispel Undead            Necr           0%         3d6       98%         4
 Death Channel            Necr           0%         N/A       100%        6


Dungeon Overview and Level Annotations

Branches:
Dungeon (2/15)

Altars:

Annotations:
D:2 Natasha


Innate Abilities, Weirdness & Mutations

You are a hulking beast.
Your limbs bulge with bestial killing power. (Slay +1)
A weak demonic guardian rushes to your aid.


Message History

Your quasit closely misses the cerulean imp.
You miss Natasha.
The cerulean imp hits you but does no damage.
Natasha completely misses you.
Your quasit barely misses the cerulean imp.
Your quasit claws the cerulean imp.
Your quasit closely misses the cerulean imp.
The cerulean imp hits you from afar with a +1 spear.
You take 1 damage, and have 16/26 hp.
You barely miss Natasha.
The cerulean imp hits you from afar with a +0 spear.
Your quasit bites the cerulean imp.
Your quasit claws the cerulean imp.
Your quasit closely misses the cerulean imp.
Natasha claws you.
The cerulean imp hits you from afar with a +1 spear.
* * * LOW HITPOINT WARNING * * *
You take 10 damage, and have 6/26 hp.
MASSIVE DAMAGE!!
You punch Natasha!
Natasha is heavily wounded.
Your quasit closely misses the cerulean imp.
Your quasit claws the cerulean imp.
Your quasit claws the cerulean imp but does no damage.
The cerulean imp closely misses you. Natasha barely misses you.
The cerulean imp hits you from afar with a +1 spear.
* * * LOW HITPOINT WARNING * * *
It was a potion of attraction.
You feel attractive to monsters.
Your quasit bites the cerulean imp.
Your quasit closely misses the cerulean imp. x2
The cerulean imp hits you from afar with a +0 spear.
* * * LOW HITPOINT WARNING * * *
Natasha misses you. The cerulean imp closely misses you.
Your quasit bites the cerulean imp but does no damage.
Your quasit claws the cerulean imp.
Your quasit closely misses the cerulean imp.
You take 4 damage, and have 2/26 hp.
It was a potion of brilliance.
You feel clever all of a sudden.
The cerulean imp hits you from afar with a +0 spear.
You die...

#####....# #####.....####
#........# #.......#.
#.#####..########.....####
#....##...............###.
#....##.##########........
#....##.............####..
#....#############...##...
#.........# #...##...
#########h# #..###...
####h### #... ....
#..5.5)# .........
#....5.# ##########
#......# #......# #......+
#......# #......#


You could see Natasha, 2 cerulean imps and a friendly quasit (summoned).

Vanquished Creatures
  2 dart slugs (D:1)
  5 endoplasms
  2 giant cockroaches (D:1)
  4 goblins
  5 hobgoblins
  2 kobolds
  2 quokkas (D:1)
  3 ball pythons
  7 bats
  4 frilled lizards
  3 rats
39 creatures vanquished.

Vanquished Creatures (collateral kills)
  A quokka (D:2)
1 creature vanquished.

Grand Total: 40 creatures vanquished

Notes
Turn   | Place    | Note
-------+----------+-------------------------------------------
     0 | D:1      | tsujin the Demonspawn Shapeshifter began the quest for the
                  | Orb.
     0 | D:1      | Reached XP level 1. HP: 15/15 MP: 1/1
    93 | D:1      | Reached skill level 3 in Unarmed Combat
   337 | D:1      | Gained mutation: A weak demonic guardian rushes to your
                  | aid. [demonic ancestry]
   337 | D:1      | Reached XP level 2. HP: 16/21 MP: 2/2
   635 | D:1      | Reached XP level 3. HP: 26/26 MP: 3/3
  1222 | D:2      | Reached skill level 4 in Unarmed Combat
  1240 | D:2      | Found a faded altar of an unknown god.
  1571 | D:2      | Noticed Natasha
  1584 | D:2      | Slain by a cerulean imp

Illustrated notes

Levels and vault maps discovered:
D:1:      psy_arrival_spokes, layout_basic, roderic_cross_of_infinity,
          solitary_fountain, minmay_3d_cube
D:2:      layout_basic, chequers_ecumenical_altar_simple_redux,
          hangedman_decor_growths, uniq_natasha, uniq_terence

Skill      XL: |  1  2  3 |
---------------+----------+-----
Unarmed Combat | 3 4 |  4.1
Fighting       | |  1.0
Dodging        | |  1.7
Shapeshifting  | |  2.6

Action                     || total
---------------------------++-------
  Melee: Unarmed           ||   116
         Punch             ||     2
    Use: Scroll            ||     1
         Potion            ||     2
 Armour: Animal skin       ||    64
  Dodge: Dodged            ||    76

Table legend: (Time is in decaauts)
 A = Elapsed time spent in this place.
 B = Non-inter-level travel time spent in this place.
 C = Inter-level travel time spent in this place.
 D = Time resting spent in this place.
 E = Time spent auto-exploring this place.
 F = Levels seen in this place.
 G = Mean time per level.
                   A        B        C        D        E       F      G
               +--------+--------+--------+--------+--------+-----+--------+
         Total |   1575 |   1526 |     49 |      0 |   1243 |   2 |  787.5 |
       Dungeon |   1575 |   1526 |     49 |      0 |   1243 |   2 |  787.5 |
               +--------+--------+--------+--------+--------+-----+--------+

Top non-repeatable levels by time:
     D:1: 1158 daAuts
     D:2: 417 daAuts
